 Dungeon Crawl Stone Soup version 0.31-a0-202-g547052bce9 (webtiles) character file.

Game seed: 10843557897460410293

126 qw the Skirmisher (level 4, 0/25 HPs)
             Began as a Deep Elf Hunter on June 26, 2023.
             Killed from afar by an orc wizard (5 damage)
             ... with a magic dart
             ... on level 3 of the Dungeon.
             The game lasted 00:00:52 (1937 turns).

qw the Skirmisher (Deep Elf Hunter)                 Turns: 1937, Time: 00:00:52

Health: 0/25       AC:  7    Str: 10    XL:     4   Next: 83%
Magic:  6/6        EV: 11    Int: 14    God:
Gold:   110        SH:  0    Dex: 18    Spells: 3/3 levels left

rFire   . . .        Y - +0 shortbow (flame)
rCold   + . .        (shield currently unavailable)
rNeg    . . .        e - +0 ring mail
rPois   .            b - +0 helmet
rElec   .            (no cloak)
rCorr   +            l - +0 pair of gloves
SInv    .            (no boots)
Will    .....        (no amulet)
Stlth   +            g - ring of protection from cold
HPRegen 0.24/turn    h - ring of resist corrosion
MPRegen 0.10/turn

%: no passive effects
@: no status effects
A: no striking features
a: no special abilities


You were on level 3 of the Dungeon.
You visited 1 branch of the dungeon, and saw 4 of its levels.

You collected 110 gold pieces.


   Skills:
 - Level 1.5 Fighting
 + Level 8.2 Ranged Weapons
 - Level 2.4 Dodging
 - Level 1.2 Stealth


You had 3 spell levels left.
You didn't know any spells.
Your spell library was empty.

Inventory:

Hand Weapons
 Y - a +0 shortbow of flaming (weapon)
Armour
 b - a +0 helmet (worn)
 e - a +0 ring mail (worn)
 l - a +0 pair of gloves (worn)
Jewellery
 g - a ring of protection from cold (left hand)
 h - a ring of resist corrosion (right hand)
Scrolls
 o - a scroll of identify
Potions
 a - a potion of heal wounds
 c - a potion of cancellation
 f - a potion of enlightenment
 i - a potion of resistance {unknown}
 j - a potion of curing {unknown}
 p - a potion of lignification {unknown}

Dungeon Overview and Level Annotations

Branches:
Dungeon (4/15)
 Temple: D:4-7

Altars:
Vehumet
Zin


Message History

Reactivating autopickup.
There is a stone staircase leading down, spattered with blood here.
There is a strange disturbance nearby!
Something hits you but does no damage.
Deactivating autopickup; reactivate with Ctrl-A.
You shoot an arrow. Something hits you but does no damage.
You shoot an arrow. Something hits you.
You shoot an arrow. Something hits you.
You shoot an arrow. Something hits you but does no damage. Something hits you.
You shoot an arrow. Something hits you.
You shoot an arrow. Something hits you.
You shoot an arrow.
You hear some strange, mumbled words.
You are confused.
You shoot an arrow. Something hits you but does no damage.
You shoot an arrow. Something hits you but does no damage.
You shoot an arrow. Something hits you but does no damage.
You shoot an arrow.
You hear some strange, mumbled words.
A magic dart appears from out of thin air!
The magic dart hits you!
You shoot an arrow. Something hits you.
You shoot an arrow.
You feel less confused. Something hits you but does no damage.
Something hits you.
You shoot an arrow.
You hear some strange, mumbled words.
A magic dart appears from out of thin air!
The magic dart hits you.
You die...

.....#.....................#....#
........#.............#.##.#...#.
.....................##.##.#...#.
...#.................#.....#...#.
...#.................#..####...#.
.....%....................##.....
..........................##.....
....).....................##.....
................@................
...........##..{...#.............
...........##<.....#.<.........#.
......########........%........#.
......#........................#.
......#........................#.
......#................[.......#.
...#<.'...............>..........
.######...........#####.#....###.


There were no monsters in sight!

Vanquished Creatures
  A hound (D:3)
  Robin (D:2)
  A gnoll (D:1)
  2 adders (D:3)
  A dart slug (D:2)
  6 endoplasms
  A giant cockroach (D:3)
  10 goblins
  5 hobgoblins
  3 jackals (D:1)
  A quokka (D:3)
  4 ball pythons
  8 bats
  3 frilled lizards
  2 kobolds
  3 rats
52 creatures vanquished.

Notes
Turn   | Place    | Note
-------+----------+-------------------------------------------
     0 | D:1      | qw the Deep Elf Hunter began the quest for the Orb.
     0 | D:1      | Reached XP level 1. HP: 12/12 MP: 3/3
     0 | D:1      | 0 ||| qw: Version: 0.3-a-22-g0ed2b0b
     0 | D:1      | 0 ||| qw: Game counter: 5817
     0 | D:1      | 0 ||| qw: Melee chars always use a shield: true
     0 | D:1      | 0 ||| qw: God list: Okawaru
     0 | D:1      | 0 ||| qw: Allow faded altars: false
     0 | D:1      | 0 ||| qw: Do Orc after clearing Dungeon:15 true
     0 | D:1      | 0 ||| qw: Do second Lair branch before Depths: true
     0 | D:1      | 0 ||| qw: Lair rune preference: random
     0 | D:1      | 0 ||| qw: Goals: Normal
     0 | D:1      | 0 ||| PLANNING D:1-11
    83 | D:1      | Reached XP level 2. HP: 16/16 MP: 4/4
    98 | D:1      | Reached skill level 6 in Ranged Weapons
   566 | D:1      | Reached XP level 3. HP: 20/20 MP: 5/5
   571 | D:1      | 571 ||| UPGRADING to +0 ring mail.
   581 | D:1      | 581 ||| DROPPING +0 leather armour.
   582 | D:1      | 582 ||| UPGRADING to +0 pair of gloves.
   587 | D:1      | 587 ||| UPGRADING to ring of protection from cold.
   588 | D:1      | 588 ||| READING scroll labelled SENUUSS VEVI.
   589 | D:1      | 589 ||| READING scroll labelled HOT KASMU GUPE.
   590 | D:1      | 590 ||| READING scroll labelled OLICIA QUPTA.
   591 | D:1      | 591 ||| DROPPING scroll of butterflies.
   610 | D:2      | Found a radiant altar of Vehumet.
   634 | D:2      | Noticed Robin
   644 | D:2      | Killed Robin
   645 | D:2      | Reached skill level 7 in Ranged Weapons
  1236 | D:2      | 1236 ||| UPGRADING to +0 helmet.
  1241 | D:2      | 1241 ||| READING scroll labelled IHUCESOWEG.
  1242 | D:2      | 1242 ||| READING scroll labelled VEPLOCO TUPO.
  1243 | D:2      | 1243 ||| READING scroll labelled IQOUMOCEHU.
  1244 | D:2      | 1244 ||| READING scroll labelled FEURHI RETALESH.
  1245 | D:2      | 1245 ||| READING scroll labelled VATI ISTRIA.
  1246 | D:2      | 1246 ||| READING 3 scrolls of identify.
  1246 | D:2      | 1246 ||| IDENTIFYING glowing silvery potion
  1247 | D:2      | 1247 ||| READING 2 scrolls of identify.
  1247 | D:2      | 1247 ||| IDENTIFYING fizzy orange potion
  1304 | D:3      | Reached XP level 4. HP: 25/25 MP: 6/6
  1666 | D:3      | Found a glowing silver altar of Zin.
  1771 | D:3      | 1771 ||| UPGRADING to ring of resist corrosion.
  1772 | D:3      | 1772 ||| DROPPING +6 ring of intelligence.
  1773 | D:3      | 1773 ||| DRINKING 2 amethyst potions.
  1774 | D:3      | 1774 ||| READING 3 scrolls of identify.
  1774 | D:3      | 1774 ||| IDENTIFYING white potion
  1775 | D:3      | 1775 ||| READING 2 scrolls of identify.
  1775 | D:3      | 1775 ||| IDENTIFYING pink potion
  1776 | D:3      | 1776 ||| DROPPING potion of berserk rage.
  1777 | D:3      | 1777 ||| DROPPING potion of brilliance.
  1800 | D:4      | 1800 ||| STAIRDANCE
  1812 | D:3      | Reached skill level 8 in Ranged Weapons
  1876 | D:4      | 1876 ||| STAIRDANCE
  1921 | D:4      | 1921 ||| STAIRDANCE
  1935 | D:3      | HP: 6/25 [something (1)]
  1937 | D:3      | Killed from afar by an orc wizard

Levels and vault maps discovered:
D:1:      lightli_arrival_lavapool, layout_basic, minmay_tetromino_t2
D:2:      layout_loops_ring, basic_altar, uniq_robin
D:3:      layout_basic, zin_treasury
D:4:      wander_river, layout_cave_pools, gammafunk_ghost_grave

Skill      XL: |  1  2  3  4 |
---------------+-------------+-----
Ranged Weapons | 6 7 8 |  8.2
Fighting       | |  1.5
Dodging        | |  2.4
Stealth        | |  1.2

Action                     |  1- 3 |  4- 6 || total
---------------------------+-------+-------++-------
   Fire: Shortbow          |   107 |    61 ||   168
    Use: Scroll            |    10 |     2 ||    12
         Potion            |       |     1 ||     1
 Armour: Leather armour    |     6 |       ||     6
         Ring mail         |    14 |    20 ||    34
  Dodge: Dodged            |    40 |     7 ||    47

Table legend:
 A = Non-vault XP
 B = Vault XP
 C = Vault XP percentage of total XP
 D = Non-vault monster count
 E = Vault monster count
 F = Vault count percentage of total count
                 A         B        C        D         E       F
            +---------+---------+-------+---------+---------+-------
      Total |     147 |      33 |  18.3 |      42 |      10 |  19.2
            +---------+---------+-------+---------+---------+-------
        D:1 |      41 |       4 |   8.9 |      17 |       2 |  10.5
        D:2 |      17 |      29 |  63.0 |      10 |       8 |  44.4
        D:3 |      87 |       0 |   0.0 |      14 |       0 |   0.0
        D:4 |       2 |       0 |   0.0 |       1 |       0 |   0.0
            +---------+---------+-------+---------+---------+-------
